 Dungeon Crawl Stone Soup version 0.19-a0-55-g7e720b0 (webtiles) character file.

524320 mrath the Impregnable (level 24, 0/218 HPs)
             Began as a Minotaur Fighter on May 7, 2016.
             Was a High Priest of Okawaru.
             Killed from afar by a golden dragon (26 damage)
             ... with a bolt of cold
             ... on level 3 of the Depths on May 8, 2016.
             The game lasted 09:17:45 (70131 turns).

mrath the Impregnable (Minotaur Fighter)           Turns: 70131, Time: 09:17:46

Health: 0/218      AC: 34    Str: 28    XL:     24   Next: 75%
Magic:  0/33       EV: 23    Int: 10    God:    Okawaru [*****.]
Gold:   3742       SH: 28    Dex: 17    Spells: 0 memorised, 23 levels left

rFire  + . .     SeeInvis +     r - +4 morningstar "Gokh" {freeze, +Blink rElec Str+2}
rCold  . . .     Gourm    .     C - +1 plate armour of the Townfolk {-Cast rF+ rN+ Regen+}
rNeg   + . .     Faith    .     z - +2 large shield
rPois  .         Spirit   +     w - +2 hat {Int+3}
rElec  +         Dismiss  .     P - +1 cloak {MR+}
rCorr  .         Reflect  .     q - +0 pair of gloves
SustAt +         Harm     .     f - +0 pair of boots {Fly}
MR     +++..     NoCast   +     m - amulet of guardian spirit
Stlth  ..........               W - ring "Efag" {SustAt Slay+2 SInv}
                                U - ring "Daenageh" {Fragile rElec MR+ Int+2 Slay+5}

@: heroism, finesse, flying, studying Armour, extremely resistant to hostile
enchantments, extremely unstealthy
A: retaliatory headbutt, horns 2, thin metallic scales 1
a: Heroism, Finesse, Renounce Religion, Evoke Blink, Stop Flying
}: 2/15 runes: serpentine, barnacled


You were on level 3 of the Depths.
You worshipped Okawaru.
Okawaru was extremely pleased with you.
You were hungry.

You visited 9 branches of the dungeon, and saw 44 of its levels.
You visited 2 bazaars.
You also visited: Labyrinth, Bailey and Ice Cave.

You collected 5985 gold pieces.
You spent 2243 gold pieces at shops.

Inventory:

Hand Weapons
 r - the +4 morningstar "Gokh" (weapon) {freeze, +Blink rElec Str+2}
   (Okawaru gifted it to you on level 7 of the Lair of Beasts)

   It has been specially enchanted to freeze those struck by it, causing extra
   injury to most foes and up to half again as much damage against particularly
   susceptible opponents.
   It can also slow down cold-blooded creatures.
   It affects your strength (+2).
   It insulates you from electricity.
   It lets you blink.
Missiles
 i - 39 javelins (quivered)
 j - 7 javelins of penetration
Armour
 f - a +0 pair of boots of flying (worn)
 o - the +5 scale mail of Astoquce {Stlth+, unknown}
   (You found it on level 3 of the Depths)

   It makes you more stealthy.
 q - a +0 pair of gloves (worn)
 w - a +2 hat of intelligence (worn)
 z - a +2 large shield (worn)
 C - the +1 plate armour of the Townfolk (worn) {-Cast rF+ rN+ Regen+}
   (You found it on level 3 of the Elven Halls)

   It protects you from fire.
   It protects you from negative energy.
   It prevents spellcasting.
   It increases your rate of regeneration.
 P - a +1 cloak of magic resistance (worn)
Jewellery
 m - an amulet of guardian spirit (around neck)
 s - an uncursed ring of resist corrosion
 u - an uncursed amulet of rage {unknown}
 M - an uncursed ring of protection from cold
 U - the ring "Daenageh" (left hand) {Fragile rElec MR+ Int+2 Slay+5}
   (You found it on level 2 of the Depths)

   [ring of intelligence]

   It affects your intelligence (+2).
   It affects your accuracy and damage with ranged weapons and melee attacks
   (+5).
   It insulates you from electricity.
   It affects your resistance to hostile enchantments.
   It will be destroyed if unequipped.
 W - the ring "Efag" (right hand) {SustAt Slay+2 SInv}
   (You found it on level 2 of the Depths)

   [ring of sustain attributes]

   It sustains your strength, intelligence and dexterity.
   It affects your accuracy and damage with ranged weapons and melee attacks
   (+2).
   It lets you see invisible.
Wands
 d - a wand of iceblast (3/15)
 h - a wand of acid (5/15)
 n - a wand of lightning (7/15)
 F - a wand of disintegration (19/24)
Scrolls
 c - a scroll of recharging
 e - 4 scrolls of fog
 k - 15 scrolls of identify
 l - 17 scrolls of teleportation
 I - 22 scrolls of remove curse
Potions
 a - 5 potions of might
 b - 2 potions of invisibility
 t - 19 potions of curing
 v - 4 potions of heal wounds
 A - 4 potions of agility
 B - 5 potions of haste
 J - 3 potions of cancellation
 T - 2 potions of resistance
Books
 D - a manual of Armour
Miscellaneous
 L - a sack of spiders
 R - a phial of floods
 Y - a fan of gales
Comestibles
 g - a meat ration
 p - 24 chunks of flesh
 E - a bread ration
 S - 20 fruits


   Skills:
 + Level 18.7(23.7) Fighting
 + Level 19.7(24.7) Maces & Flails
 + Level 16.4(21.4) Throwing
 + Level 21.2(26.2) Armour
 + Level 17.9(22.9) Dodging
 + Level 18.9(23.9) Shields
 - Level 10.2 Invocations
 + Level 15.2 Evocations


You had 23 spell levels left.
You didn't know any spells.

Dungeon Overview and Level Annotations

Branches:
Dungeon (15/15)            Temple (1/1) D:4            Lair (8/8) D:9
 Shoals (4/4) Lair:4        Snake (4/4) Lair:5        Slime (0/6) Lair:7
    Orc (2/2) D:12            Elf (3/3) Orc:2        Vaults (4/5) D:13
  Crypt (0/3) Vaults:2     Depths (3/5) D:15

Altars:
Cheibriados
Dithmenos
Elyvilon
Fedhas
Gozag
Kikubaaqudgha
Makhleb
Nemelex Xobeh
Okawaru
Pakellas
Qazlal
Ru
Sif Muna
Trog
Vehumet
Xom
Yredelemnul
Zin
The Shining One
Beogh
Jiyva
Lugonu

Shops:
D:14 !(   Orc:2 ((=   Elf:1 (   Shoals:4 *   Vaults:4 ?

Portals:
Hell: Depths:1 Depths:2 Depths:3
Pandemonium: Depths:3


Innate Abilities, Weirdness & Mutations

You reflexively headbutt those who attack you in melee.
You have a pair of horns on your head.
You are partially covered in thin metallic scales (AC +2).


Message History

You feel extremely sick.
The vampire knight blinks!
Things that are here:
a battleaxe of freezing; a frost giant skeleton
* * * LOW HITPOINT WARNING * * *
You feel extremely sick.
* * * LOW HITPOINT WARNING * * *
You feel extremely sick.
You block the vampire knight's attack. x2
* * * LOW HITPOINT WARNING * * *
You feel extremely sick.
The vampire knight gestures at you while chanting.
You resist with almost no effort.
Things that are here:
a bloodstained longbow {god gift}; an ugly thing corpse Drink which item? (? for menu, Esc to quit)
You feel better. The golden dragon breathes cold at you.
The bolt of cold hits you!
You die...

.............≈≈≈≈..###
###
.≈......≈≈...≈≈≈≈.##.##
≈≈......≈≈≈....≈≈.....#
≈≈......≈≈≈...........#
........≈≈..###........#
..########### ##########
)..## ##### #...##
##...## ## ##...##
##..@V.## ..## ###...##
##...#...## #...# #
##...## ##...###...##
#..... # ##...###...##
##D..###...# #
##...#...## ##..(#...# #
##.....## ##D))..# #
##...## ##[..## #
#....?# ##†(...# #
#...#...# #..(#...#


You could see a shadow dragon, a golden dragon and a vampire knight (invisible).

Vanquished Creatures
  Mara (Depths:2)
  Margery (Depths:2)
  Frederick (Vaults:2)
  Saint Roka (Depths:2)
  Nikola (Snake:2)
  Jory (Vaults:2)
  2 golden dragons (Depths:3)
  Xtahua (Vaults:4)
  Rupert (Orc:2)
  A lich (Depths:2)
  3 deep elf master archers
  2 deep elf blademasters (Elf:3)
  A quicksilver dragon (Depths:2)
  3 sphinxes
  Gastronok (Lair:3)
  Roxanne (D:15)
  2 fire giants
  6 greater nagas
  Donald (Orc:2)
  Maud (Lair:5)
  9 deep elf sorcerers
  An orc warlord (Bailey)
  Wiglaf (Vaults:3)
  Louise (D:14)
  Aizul (Shoals:2)
  6 frost giants
  13 vault wardens
  5 deep elf elementalists (Elf:3)
  7 very ugly things
  A spriggan defender (Depths:3)
  14 stone giants
  13 ironheart preservers
  A vampire knight (D:11)
  A lorocyproca (Depths:3)
  7 deep elf demonologists
  12 deep elf annihilators
  Azrael (D:13)
  Snorg (Lair:3)
  A spark wasp (Depths:2)
  4 merfolk javelineers
  A crystal guardian (D:12)
  A minotaur (Lab)
  13 ettins
  16 merfolk impalers
  5 deep elf death magi
  8 fire dragons
  9 yaktaur captains
  3 deep elf high priests
  Josephine (D:10)
  Harold (Lair:3)
  2 entropy weavers
  24 vault guards
  10 great orbs of eyes
  18 naga warriors
  Fannar (Lair:3)
  10 ice dragons
  4 rakshasas
  2 spriggan air magi
  The ghost of jyri the Bludgeoner, a journeyman MiBe of Trog (Orc:1)
  7 merfolk avatars
  12 anacondas
  The ghost of Nico3ck the Cleaver, a journeyman FoFi of Okawaru (D:11)
  4 death knights
  Erolcha (D:10)
  18 ogre magi
  16 hydras
  4 centaur warriors
  4 deep troll earth magi
  6 merfolk aquamancers
  The ghost of M4edhros the Cleaver, a novice MiBe of Trog (Lair:4)
  3 satyrs
  28 dancing weapons
  An alligator (shapeshifter) (Vaults:4)
  An orc high priest (D:13)
  A queen ant (Lair:8)
  11 deep troll shamans
  5 tengu warriors
  A vampire mage (Vaults:2)
  The ghost of jyri the Bludgeoner, a novice MiBe of Trog (D:9)
  12 naga sharpshooters
  2 death yaks
  2 spriggan berserkers (Depths:2)
  8 shock serpents
  5 hell knights (Depths:2)
  20 deep elf knights
  3 shadow wraiths
  5 iron trolls (Depths:2)
  An iron troll (shapeshifter) (Elf:3)
  2 salamander mystics
  A wizard (Depths:2)
  5 fire crabs
  17 sea snakes
  10 skeletal warriors
  A small abomination (Vaults:3)
  13 naga ritualists
  31 deep trolls
  A putrid demonspawn (Depths:3)
  5 flayed ghosts
  4 unseen horrors
  A wolf spider zombie (D:15)
  A giant orange brain (Depths:3)
  7 deep elf archers
  15 ironbrand convokers
  10 orc knights
  11 harpies
  10 hill giants
  2 phantasmal warriors
  A wolf spider (Vaults:1)
  5 necromancers
  14 griffons
  A salamander (shapeshifter) (Vaults:1)
  11 mana vipers
  3 hornets
  A cyclops (shapeshifter) (Depths:3)
  44 deep elf magi
  A fire giant zombie (Vaults:3)
  8 cyclopes
  6 salamanders
  16 manticores
  5 fauns (Shoals:2)
  3 orc sorcerers
  A tengu skeleton (Vaults:3)
  54 ugly things
  The ghost of M4edhros the Martial Artist, a novice OpNe of Cheibriados (D:8)
  Joseph (D:9)
  2 centaur zombies
  13 naga magi
  The ghost of M4edhros the Grappler, a novice TrMo of Cheibriados (Lair:1)
  A frost giant skeleton (Vaults:3)
  12 water nymphs
  65 black mambas
  28 elephants
  Psyche (D:11)
  3 ice statues
  12 sirens
  A gargoyle (D:12)
  9 guardian serpents
  A torpor snail (shapeshifter) (Vaults:2)
  2 torpor snails
  18 vault sentinels
  2 orange demons (Depths:3)
  6 rime drakes
  18 spiny frogs
  8 freezing wraiths
  A rime drake (shapeshifter) (Depths:3)
  9 kobold demonologists
  47 yaktaurs
  A komodo dragon (shapeshifter) (D:11)
  2 efreet (D:13)
  8 komodo dragons
  6 spriggan druids
  3 ice devils (Depths:1)
  5 tengu conjurers
  A harpy zombie (D:15)
  32 merfolk
  10 trolls
  A minotaur zombie (Lab)
  34 polar bears
  A two-headed ogre (shapeshifter) (Vaults:1)
  2 jumping spiders
  17 slime creatures
  3 wind drakes
  38 two-headed ogres
  29 blink frogs
  5 boulder beetles
  5 snapping turtles
  27 water elementals
  24 spriggans
  12 redbacks
  A yak (shapeshifter) (Vaults:4)
  2 shadows
  2 wyverns
  3 vampires (Vaults:2)
  6 air elementals
  71 yaks
  5 basilisks
  8 wraiths
  A basilisk (shapeshifter) (Vaults:1)
  6 fire elementals
  15 hippogriffs
  A yaktaur simulacrum (Vaults:3)
  3 large abominations (Elf:1)
  2 mottled dragons
  18 vampire mosquitoes
  46 nagas
  Edmund (D:5)
  7 soldier ants
  11 porcupines
  5 hell hounds
  4 wargs
  16 water moccasins
  A giant eyeball (Depths:2)
  8 ice beasts
  9 sky beasts
  29 orc warriors
  7 wasps
  2 phantoms
  A black bear (shapeshifter) (Depths:2)
  5 black bears
  The ghost of mrath the Cudgeler, an amateur MiFi (D:3)
  A wasp (shapeshifter) (Vaults:3)
  A necrophage (D:11)
  An eye of draining (D:12)
  2 ogres (shapeshifter)
  73 ogres
  5 boggarts
  42 wolves
  A wolf (shapeshifter) (Vaults:4)
  14 centaurs
  3 human skeletons (Vaults:3)
  14 crocodiles
  A big kobold (shapeshifter) (Vaults:2)
  5 big kobolds
  20 giant frogs
  3 elf zombies (Elf:1)
  Blork the orc (D:4)
  A wyvern zombie (D:11)
  2 earth elementals
  A glowing shapeshifter simulacrum (Vaults:3)
  3 scorpions
  A wyvern skeleton (D:12)
  A troll skeleton (D:10)
  14 killer bees
  A spriggan skeleton (D:10)
  2 electric eels
  5 howler monkeys
  5 crimson imps
  3 giant frog zombies
  5 jellies
  20 orc priests
  9 hounds
  8 centaur skeletons
  33 orc wizards
  A giant frog skeleton (D:12)
  Jessica (D:3)
  13 iguanas
  21 worker ants
  Ijyb (D:3)
  A killer bee zombie (D:10)
  24 sheep
  A centaur simulacrum (D:12)
  A hound zombie (D:5)
  A hound skeleton (D:9)
  3 worker ant zombies (D:9)
  12 gnolls
  102 river rats
  14 adders
  4 shadow imps
  A white imp (Depths:1)
  An ooze (D:1)
  An adder skeleton (D:4)
  3 worms
  5 dart slugs
  4 giant geckos
  100 orcs
  4 giant cockroaches
  8 goblins
  13 hobgoblins
  6 jackals
  27 kobolds
  6 quokkas
  2 ball pythons (Lair:5)
  7 bats
  A giant gecko zombie (D:9)
  3 giant newts
  2 quokka skeletons
  43 rats
  A bush (D:2)
  A crawling corpse (Vaults:3)
  3 fungi
  3 plants
2338 creatures vanquished.

Vanquished Creatures (others)
  A sea snake (Snake:4)
  A wolf spider (Vaults:1)
  2 nagas (Snake:4)
  An ogre (Vaults:3)
  3 wolves (IceCv)
  A wyvern skeleton (D:13)
  A scorpion (D:13)
  An orc (D:13)
  3 bushes (Lair:8)
  13 fungi
  12 plants
39 creatures vanquished.

Grand Total: 2377 creatures vanquished

Notes
Turn   | Place    | Note
--------------------------------------------------------------
     0 | D:1      | mrath the Minotaur Fighter began the quest for the Orb.
     0 | D:1      | Reached XP level 1. HP: 19/19 MP: 0/0
   278 | D:1      | Reached XP level 2. HP: 26/26 MP: 1/1
   718 | D:2      | Reached XP level 3. HP: 28/31 MP: 2/2
   872 | D:2      | Reached skill level 5 in Maces & Flails
   935 | D:2      | Reached XP level 4. HP: 39/39 MP: 3/3
  1182 | D:2      | Found a stormy altar of Qazlal.
  1188 | D:2      | Found a blossoming altar of Fedhas.
  1564 | D:3      | Noticed Jessica
  1576 | D:3      | Killed Jessica
  1580 | D:3      | Found an oddly glowing altar of Pakellas.
  1624 | D:3      | Noticed mrath's ghost (amateur MiFi)
  1630 | D:3      | Killed mrath's ghost
  1630 | D:3      | Reached XP level 5. HP: 10/46 MP: 4/4
  1956 | D:3      | Noticed Ijyb
  1969 | D:3      | Killed Ijyb
  1969 | D:3      | Reached skill level 1 in Throwing
  1969 | D:3      | Reached skill level 1 in Dodging
  1971 | D:3      | Reached skill level 4 in Armour
  1971 | D:3      | Reached skill level 1 in Evocations
  1994 | D:3      | Reached XP level 6. HP: 32/52 MP: 5/5
  2535 | D:4      | Found an iron altar of Okawaru.
  2543 | D:4      | Became a worshipper of Warmaster Okawaru
  2600 | D:4      | Found a staircase to the Ecumenical Temple.
  3041 | D:4      | Noticed Blork the orc
  3067 | D:4      | Killed Blork the orc
  3285 | D:4      | Reached skill level 1 in Invocations
  3285 | D:4      | Reached XP level 7. HP: 60/60 MP: 7/7
  3308 | D:4      | Found a shimmering altar of Xom.
  3308 | D:4      | Found a radiant altar of Vehumet.
  3445 | D:5      | Entered Level 5 of the Dungeon
  3558 | D:5      | Reached * piety under Okawaru
  3558 | D:5      | Reached skill level 5 in Fighting
  3604 | D:5      | Noticed Edmund
  3611 | D:5      | Killed Edmund
  3611 | D:5      | Reached skill level 5 in Armour
  3780 | D:5      | Reached skill level 5 in Shields
  3780 | D:5      | Reached XP level 8. HP: 66/68 MP: 8/8
  4588 | D:6      | Reached ** piety under Okawaru
  4816 | D:6      | Found a basalt altar of Yredelemnul.
  4819 | D:6      | Noticed a profane servitor
  4826 | D:6      | Found a glowing golden altar of the Shining One.
  4828 | D:6      | Noticed an angel
  5081 | D:7      | Reached skill level 6 in Armour
  5115 | D:7      | Reached XP level 9. HP: 75/75 MP: 10/10
  5124 | D:7      | Found a glowing silver altar of Zin.
  5644 | D:7      | Reached *** piety under Okawaru
  5720 | D:7      | Found a white marble altar of Elyvilon.
  6151 | Temple   | Entered the Ecumenical Temple
  6723 | D:8      | Noticed M4edhros's ghost (novice OpNe)
  6739 | D:8      | Noticed a centaur warrior
  6748 | D:8      | Killed a centaur warrior
  6748 | D:8      | Reached **** piety under Okawaru
  6748 | D:8      | Received a gift from Okawaru
  6748 | D:8      | Reached skill level 5 in Dodging
  6759 | D:8      | Killed M4edhros's ghost
  6759 | D:8      | Reached skill level 7 in Armour
  6759 | D:8      | Reached XP level 10. HP: 24/84 MP: 4/12
  7086 | D:8      | Found a sparkling altar of Nemelex Xobeh.
  7523 | D:9      | Noticed Joseph
  7523 | D:9      | Noticed jyri's ghost (novice MiBe)
  7551 | D:9      | Killed jyri's ghost
  7551 | D:9      | Received a gift from Okawaru
  7569 | D:9      | Killed Joseph
  7841 | D:9      | Found an ancient bone altar of Kikubaaqudgha.
  7873 | D:9      | Reached skill level 5 in Evocations
  7913 | D:9      | Reached skill level 5 in Throwing
  8224 | D:9      | Found a staircase to the Lair.
  8482 | D:9      | Reached ***** piety under Okawaru
  8663 | Lair:1   | Entered Level 1 of the Lair of Beasts
  8671 | Lair:1   | Noticed M4edhros's ghost (novice TrMo)
  8672 | Lair:1   | Reached skill level 5 in Invocations
  8756 | Lair:1   | Killed M4edhros's ghost
  8765 | Lair:1   | Noticed a spiny frog
  8874 | Lair:1   | Killed a spiny frog
  8874 | Lair:1   | Reached skill level 8 in Armour
  9038 | Lair:1   | Reached XP level 11. HP: 90/94 MP: 14/14
  9050 | Lair:1   | Found a sacrificial altar of Ru.
  9723 | Lair:2   | Noticed a seven-headed hydra
  9730 | Lair:2   | Killed a seven-headed hydra
  9802 | Lair:2   | Found a labyrinth entrance.
  9820 | Lab      | Entered a labyrinth
  9957 | Lab      | Noticed a minotaur
  9973 | Lab      | Killed a minotaur
  9973 | Lab      | Received a gift from Okawaru
 10475 | Lab      | Identified the Almanac of Arcane Weapons and Dislocation
 10481 | Lab      | Identified a +7 rod of ignition (13/13) (You found it in a labyrinth)
 10533 | Lair:2   | Noticed an eight-headed hydra
 10606 | Lair:2   | Killed an eight-headed hydra
 11087 | Lair:2   | Received a gift from Okawaru
 11249 | Lair:2   | Reached skill level 9 in Armour
 11699 | Lair:3   | Received a gift from Okawaru
 11805 | Lair:3   | Reached skill level 10 in Maces & Flails
 11805 | Lair:3   | Reached XP level 12. HP: 96/104 MP: 6/15
 11820 | Lair:3   | Noticed Snorg
 12178 | Lair:3   | Killed Snorg
 12178 | Lair:3   | Received a gift from Okawaru
 12179 | Lair:3   | Got a slimy dire flail {god gift}
 12242 | Lair:3   | Identified the +8 dire flail of Eternal War {flame, Str+2} (Okawaru gifted it to you on level 3 of the Lair of Beasts)
 12408 | Lair:3   | Noticed Harold
 12426 | Lair:3   | Killed Harold
 12475 | Lair:3   | Noticed Fannar
 12486 | Lair:3   | Killed Fannar
 12520 | Lair:3   | Noticed Gastronok
 12535 | Lair:3   | Killed Gastronok
 12891 | Lair:4   | Received a gift from Okawaru
 12912 | Lair:4   | Reached skill level 10 in Armour
 12932 | Lair:4   | Noticed an eight-headed hydra
 12944 | Lair:4   | Killed an eight-headed hydra
 12944 | Lair:4   | Reached skill level 10 in Fighting
 13121 | Lair:4   | Received a gift from Okawaru
 13408 | Lair:3   | Reached skill level 10 in Shields
 13410 | Lair:3   | Reached XP level 13. HP: 77/113 MP: 7/17
 14079 | Lair:4   | Noticed M4edhros's ghost (novice MiBe)
 14100 | Lair:4   | Killed M4edhros's ghost
 14845 | Lair:4   | Received a gift from Okawaru
 14928 | Lair:4   | Found a staircase to the Shoals.
 15219 | Lair:5   | Received a gift from Okawaru
 15974 | Lair:5   | Noticed Maud
 15986 | Lair:5   | Killed Maud
 16229 | Lair:5   | Found a staircase to the Snake Pit.
 16386 | Lair:5   | Reached skill level 11 in Armour
 16603 | Lair:5   | Reached XP level 14. HP: 123/124 MP: 11/19
 16806 | Lair:5   | Got a distressingly furry shield
 16938 | Lair:5   | Identified the +0 shield of Gozag's Favour {rPois Regen+} (You found it on level 5 of the Lair of Beasts)
 17269 | Lair:6   | Reached skill level 10 in Dodging
 17379 | Lair:6   | Received a gift from Okawaru
 18154 | Lair:7   | Found a frozen archway.
 18353 | Lair:7   | Upgraded the game from 0.19-a0-49-gb8736b8 to 0.19-a0-53-ge6e6435
 18639 | IceCv    | Entered an ice cave
 18912 | IceCv    | Received a gift from Okawaru
 19206 | IceCv    | Received a gift from Okawaru
 19358 | IceCv    | Noticed a frost giant
 19395 | IceCv    | Killed a frost giant
 20129 | Lair:7   | Received a gift from Okawaru
 20130 | Lair:7   | Got a polished morningstar {god gift}
 20149 | Lair:7   | Identified the +4 morningstar "Gokh" {freeze, +Blink rElec Str+2} (Okawaru gifted it to you on level 7 of the Lair of Beasts)
 20349 | Lair:7   | Found a staircase to the Slime Pits.
 20350 | Lair:7   | Found a viscous altar of Jiyva.
 20421 | Lair:7   | Reached XP level 15. HP: 132/132 MP: 21/21
 20555 | Lair:8   | Entered Level 8 of the Lair of Beasts
 20637 | Lair:8   | Reached skill level 12 in Armour
 21052 | Lair:8   | Received a gift from Okawaru
 22482 | Lair:8   | Got a transparent scale mail
 22493 | Lair:8   | Identified the +8 scale mail of Nyron {rElec rCorr MP+9 Slay-5} (You found it on level 8 of the Lair of Beasts)
 22975 | D:10     | Entered Level 10 of the Dungeon
 23031 | D:10     | Noticed Josephine
 23044 | D:10     | Killed Josephine
 23117 | D:10     | Noticed Erolcha
 23124 | D:10     | Killed Erolcha
 24458 | D:11     | Reached skill level 10 in Throwing
 24481 | D:11     | Received a gift from Okawaru
 24551 | D:11     | Reached skill level 10 in Invocations
 24591 | D:11     | Noticed Nico3ck's ghost (journeyman FoFi)
 24602 | D:11     | Killed Nico3ck's ghost
 24723 | D:11     | Found a runed door.
 24859 | D:11     | Noticed Psyche
 24869 | D:11     | Killed Psyche
 25358 | D:11     | Received a gift from Okawaru
 25428 | D:11     | Received a gift from Okawaru
 25590 | D:12     | Received a gift from Okawaru
 25722 | D:12     | Received a gift from Okawaru
 25768 | D:12     | Found a flagged portal.
 25870 | Bailey   | Entered a bailey
 25881 | Bailey   | Noticed an orc warlord
 26011 | Bailey   | Found a runed gate.
 26013 | Bailey   | Found a runed gate.
 26014 | Bailey   | Found a runed gate.
 26114 | Bailey   | Killed an orc warlord
 26139 | Bailey   | Identified Raacaese's Arcane Secrets of Secret Knowledge
 26295 | D:12     | Received a gift from Okawaru
 26295 | D:12     | Reached XP level 16. HP: 125/141 MP: 20/22
 26886 | D:12     | Found a staircase to the Orcish Mines.
 27474 | D:12     | Reached skill level 13 in Armour
 27501 | D:12     | Reached ****** piety under Okawaru
 27501 | D:12     | Received a gift from Okawaru
 27501 | D:12     | Reached skill level 10 in Evocations
 28682 | Orc:1    | Entered Level 1 of the Orcish Mines
 28834 | Orc:1    | Noticed jyri's ghost (journeyman MiBe)
 28850 | Orc:1    | Killed jyri's ghost
 29121 | Orc:2    | Entered Level 2 of the Orcish Mines
 29137 | Orc:2    | Received a gift from Okawaru
 29440 | Orc:2    | Found Waptesol's Jewellery Shop.
 29440 | Orc:2    | Found Cuizag's Armour Emporium.
 29441 | Orc:2    | Found Fumeoman's Weapon Emporium.
 29441 | Orc:2    | Found Cenusiu's Weapon Boutique.
 29492 | Orc:2    | Noticed Donald
 29527 | Orc:2    | Killed Donald
 29590 | Orc:2    | Received a gift from Okawaru
 29694 | Orc:2    | Found a staircase to the Elven Halls.
 29829 | Orc:2    | Noticed Rupert
 29853 | Orc:2    | Killed Rupert
 30795 | Orc:2    | Found a gateway to a bazaar.
 30804 | Bazaar   | Entered a bazaar
 30804 | Bazaar   | Found Axibosil's Gadget Shop.
 30804 | Bazaar   | Found Piukly's Jewellery Shoppe.
 30804 | Bazaar   | Found Jucit's Antique Weapon Shop.
 30806 | Bazaar   | Found Jonyw's Armour Shoppe.
 30806 | Bazaar   | Found Vuemedeh's Armour Boutique.
 30830 | Bazaar   | Bought a +0 pair of boots of flying for 138 gold pieces
 31839 | D:13     | Found a gate to the Vaults.
 32438 | D:13     | Found a runed door.
 32444 | D:13     | Noticed Azrael
 32466 | D:13     | Killed Azrael
 32763 | D:13     | Found a roughly hewn altar of Beogh.
 33335 | D:14     | Found Lowkuty's Distillery.
 33367 | D:14     | Found a sacrificial altar of Ru.
 33401 | D:14     | Reached XP level 17. HP: 131/150 MP: 18/23
 33470 | D:14     | Found Dekulos's Antique Weapon Shop.
 33986 | D:15     | Entered Level 15 of the Dungeon
 34111 | D:15     | Noticed Roxanne
 34129 | D:15     | HP: 6/150 [battlesphere[a tengu conjurer] (10)]
 34202 | D:15     | Noticed Louise
 34509 | D:14     | Killed Louise
 34569 | D:15     | Received a gift from Okawaru
 34760 | D:15     | Found a staircase to the Depths.
 35114 | D:15     | Killed Roxanne
 35114 | D:15     | Reached skill level 14 in Armour
 35511 | Shoals:1 | Entered Level 1 of the Shoals
 35552 | Shoals:1 | HP: 6/150 [fire crab (13)]
 36011 | Shoals:1 | Received a gift from Okawaru
 37131 | Shoals:2 | Noticed Aizul
 37148 | Shoals:2 | Killed Aizul
 37328 | Shoals:2 | Received a gift from Okawaru
 37375 | Shoals:2 | Reached skill level 15 in Maces & Flails
 37594 | Shoals:2 | Received a gift from Okawaru
 38362 | Shoals:3 | Reached XP level 18. HP: 143/160 MP: 22/25
 39173 | Shoals:4 | Entered Level 4 of the Shoals
 39173 | Shoals:4 | Found Cuolua Qiane's General Store.
 39183 | Shoals:4 | Bought a +3 plate armour of magic resistance for 900 gold pieces
 39257 | Shoals:4 | Received a gift from Okawaru
 40307 | Shoals:4 | Got a barnacled rune of Zot
 40920 | Shoals:4 | Received a gift from Okawaru
 40930 | Shoals:4 | Reached skill level 15 in Armour
 41137 | Lair:2   | Gained mutation: You are partially covered in thin metallic scales (AC +2). [potion of beneficial mutation]
 41227 | Snake:1  | Entered Level 1 of the Snake Pit
 41781 | Snake:2  | Found a flickering gateway to a bazaar.
 41800 | Bazaar   | Entered a bazaar
 41814 | Bazaar   | Found Ibubas's Magic Scroll Shoppe.
 41814 | Bazaar   | Found Ihich's Food Emporium.
 41835 | Bazaar   | Found Gokkopni's Weapon Shoppe.
 41857 | Bazaar   | Found Sunaekk's Antique Armour Emporium.
 41892 | Bazaar   | Bought a dazzling chain mail for 294 gold pieces
 41892 | Bazaar   | Bought a pair of embroidered boots for 139 gold pieces
 41902 | Bazaar   | Identified the +3 chain mail of Too Many Cooks {+Blink Str-5 Int+3 Dex+3} (You bought it in a shop in a bazaar)
 41966 | Bazaar   | Bought a scroll of teleportation for 27 gold pieces
 41966 | Bazaar   | Bought a scroll of acquirement for 468 gold pieces
 41966 | Bazaar   | Bought a scroll of enchant armour for 67 gold pieces
 41966 | Bazaar   | Bought a scroll of silence for 67 gold pieces
 41966 | Bazaar   | Bought 3 scrolls of teleportation for 81 gold pieces
 41966 | Bazaar   | Bought a scroll of identify for 18 gold pieces
 42292 | Snake:2  | Noticed Nikola
 42311 | Snake:2  | Killed Nikola
 42477 | Snake:2  | Got a bone broad axe
 42559 | Snake:2  | Identified the cursed +0 broad axe of Virtue {chop, rElec rF+ MR-} (You found it on level 2 of the Snake Pit)
 43175 | Snake:3  | Received a gift from Okawaru
 43512 | Snake:3  | Received a gift from Okawaru
 43732 | Lair:2   | Reached XP level 19. HP: 169/169 MP: 27/27
 43947 | Snake:3  | Reached XP level 20. HP: 130/177 MP: 2/28
 44256 | Snake:3  | Reached skill level 15 in Shields
 44584 | Snake:3  | Reached skill level 15 in Fighting
 44982 | Snake:4  | Entered Level 4 of the Snake Pit
 45613 | Snake:4  | Reached skill level 16 in Armour
 45705 | Snake:4  | Received a gift from Okawaru
 46539 | Snake:4  | Received a gift from Okawaru
 47041 | Snake:4  | Received a gift from Okawaru
 47161 | Snake:4  | Got a serpentine rune of Zot
 47651 | Elf:1    | Entered Level 1 of the Elven Halls
 47833 | Elf:1    | Received a gift from Okawaru
 48452 | Elf:1    | Identified the Grimoire of Darkness
 48498 | Elf:1    | Found Aleigi's Weapon Shoppe.
 48915 | Elf:2    | Received a gift from Okawaru
 49039 | Elf:2    | Reached XP level 21. HP: 187/187 MP: 29/29
 49269 | Elf:2    | Found a runed gate.
 49271 | Elf:2    | Found a runed gate.
 49272 | Elf:2    | Found a runed gate.
 49462 | Elf:2    | Reached skill level 15 in Dodging
 50885 | Elf:3    | Entered Level 3 of the Elven Halls
 51778 | Elf:3    | Got a faintly glowing lapis lazuli ring
 51910 | Elf:3    | Received a gift from Okawaru
 51954 | Elf:3    | Identified the ring "Hefag" {Ice rN+ Int+3 Stlth+} (You took it off a deep elf blademaster on level 3 of the Elven Halls)
 52130 | Elf:3    | Received a gift from Okawaru
 52170 | Elf:3    | Got an ichor-stained hand axe {chop}
 52180 | Elf:2    | Identified the +7 hand axe of Eternity {chop, rPois Dex+4} (You took it off a deep elf sorcerer on level 3 of the Elven Halls)
 52409 | Elf:3    | Reached skill level 17 in Armour
 52748 | Elf:3    | Got a faintly glowing war axe {pain}
 52910 | Elf:3    | Got an ancient plate armour
 52911 | Elf:3    | Identified the +1 plate armour of the Townfolk {-Cast rF+ rN+ Regen+} (You found it on level 3 of the Elven Halls)
 53360 | Lair:2   | Identified a +2 rod of ignition (13/13) (You took it off a deep elf demonologist on level 3 of the Elven Halls)
 53855 | Elf:3    | Got a brightly glowing long sword {drain}
 53918 | Elf:3    | Got a faintly glowing halberd
 54016 | Elf:3    | Got a distressingly furry ring mail
 54030 | Elf:3    | Identified the cursed +1 ring mail of Midsummer {Dex+4} (You found it on level 3 of the Elven Halls)
 54426 | Lair:2   | Identified the +6 war axe of Parts Unknown {pain, +Rage Dex+3} (You took it off a deep elf demonologist on level 3 of the Elven Halls)
 54427 | Lair:2   | Identified the +1 long sword of Pain and Death {drain, *Noise rElec MR- Dex+10} (You took it off a deep elf death mage on level 3 of the Elven Halls)
 54678 | Vaults:1 | Entered Level 1 of the Vaults
 54770 | Vaults:1 | Received a gift from Okawaru
 55190 | Vaults:1 | Got a spiked ring mail
 55459 | Vaults:1 | Reached XP level 22. HP: 189/198 MP: 31/31
 56939 | Vaults:1 | Identified the +4 ring mail "Dekleliz" {Str+2 SInv} (You found it on level 1 of the Vaults)
 56962 | Vaults:2 | Received a gift from Okawaru
 57062 | Vaults:2 | Noticed Jory
 57102 | Vaults:2 | Killed Jory
 57625 | Vaults:2 | Noticed Frederick
 57882 | Vaults:2 | Reached skill level 18 in Armour
 58949 | Vaults:2 | Killed Frederick
 59076 | Vaults:2 | Received a gift from Okawaru
 59389 | Vaults:2 | Found a staircase to the Crypt.
 60110 | Vaults:2 | Upgraded the game from 0.19-a0-53-ge6e6435 to 0.19-a0-55-g7e720b0
 60357 | Vaults:3 | Noticed Wiglaf
 60371 | Vaults:3 | Killed Wiglaf
 60371 | Vaults:3 | Received a gift from Okawaru
 60858 | Vaults:3 | Reached skill level 15 in Throwing
 61582 | Vaults:3 | Received a gift from Okawaru
 61667 | Vaults:3 | Reached XP level 23. HP: 133/206 MP: 27/32
 62786 | Vaults:4 | Received a gift from Okawaru
 62832 | Vaults:4 | Reached skill level 19 in Armour
 62973 | Vaults:4 | Found Effan's Magic Scroll Boutique.
 62993 | Vaults:4 | Bought a scroll of identify for 22 gold pieces
 62993 | Vaults:4 | Bought a scroll of identify for 22 gold pieces
 63040 | Vaults:4 | Received a gift from Okawaru
 63267 | Vaults:4 | Received a gift from Okawaru
 63438 | Vaults:4 | Got a spiked chain mail
 63450 | Vaults:4 | Identified the cursed +1 chain mail of Absence {Str+2 SInv} (You found it on level 4 of the Vaults)
 63653 | Vaults:4 | Received a gift from Okawaru
 63934 | Vaults:4 | Noticed Xtahua
 63952 | Vaults:4 | Killed Xtahua
 64274 | Vaults:4 | Identified the Catalogue of the Damaging Entourage
 65147 | Depths:1 | Entered Level 1 of the Depths
 65231 | Depths:1 | Received a gift from Okawaru
 65254 | Depths:1 | Found a gateway to Hell.
 65640 | Depths:1 | Received a gift from Okawaru
 66185 | Depths:1 | Identified Exzoc's Collected Works on Lethal Orientation
 66356 | Depths:2 | Noticed Margery
 66384 | Depths:2 | Killed Margery
 66425 | Depths:2 | Got a translucent iron ring
 66598 | Depths:2 | Identified the ring "Daenageh" {Fragile rElec MR+ Int+2 Slay+5} (You found it on level 2 of the Depths)
 66619 | Depths:2 | Found a basalt altar of Yredelemnul.
 66854 | Depths:2 | Reached skill level 20 in Armour
 66902 | Depths:2 | Found an iron altar of Okawaru.
 67139 | Depths:2 | Noticed Mara
 67159 | Depths:2 | Killed Mara
 67159 | Depths:2 | Received a gift from Okawaru
 67159 | Depths:2 | Reached XP level 24. HP: 176/216 MP: 27/33
 67216 | Depths:2 | Got a brightly glowing jade ring
 67222 | Depths:2 | Identified the ring "Efag" {SustAt Slay+2 SInv} (You found it on level 2 of the Depths)
 67373 | Depths:2 | Received a gift from Okawaru
 68230 | Depths:2 | Got a bloodstained buckler
 68245 | Depths:2 | Got a scorched amber ring
 68246 | Depths:2 | Identified the ring "Waoluri" {*Contam rPois Str+5 Dex+5} (You found it on level 2 of the Depths)
 68247 | Depths:2 | Identified the -4 buckler of Ugaytifaff {+Blink MR+++ Str+4 Dex-2} (You found it on level 2 of the Depths)
 68313 | Depths:2 | Noticed Saint Roka
 68328 | Depths:2 | Killed Saint Roka
 68328 | Depths:2 | Received a gift from Okawaru
 69236 | Depths:3 | Reached skill level 15 in Evocations
 69264 | Depths:3 | Received a gift from Okawaru
 69369 | Depths:3 | Got a warped scale mail
 69434 | Depths:3 | Found a one-way gate leading to the halls of Pandemonium.
 69616 | Depths:3 | Received a gift from Okawaru
 69850 | Depths:3 | Reached skill level 21 in Armour
 70007 | Depths:3 | Received a gift from Okawaru
 70131 | Depths:3 | Killed from afar by a golden dragon

Vault maps used:
D:1:      dpeg_arrival_prison
D:2:      grunt_temple_overflow_forces_of_nature, minmay_rats_cheesy_pizza
D:3:      grunt_pakellas_basics, uniq_iyjb, uniq_jessica
D:4:      nicolae_overflow_crystal_walls, gammafunk_temple_overflow_statue,
          minmay_temple_entry_junction2, st_stairs_12, uniq_blork_the_orc
D:5:      first_bread, serial_glass, glass_columns_a, glass_columns_c,
          uniq_edmund
D:6:      grunt_temple_overflow_holy_war, hangedman_decor_peaks_small
D:7:      kennysheep_mini_moat, old_standard_altar
D:8:      lemuel_coloured_pillars_altar
D:9:      lemuel_crystal_altar, minmay_lair_entry_lava, serial_glass,
          glass_columns_b, glass_columns_a, uniq_joseph
D:10:     hangedman_tell_no_tales, hex_intersection, uniq_erolcha,
          uniq_josephine
D:11:     hex_medium, nicolae_water_bricks, minivault_13, uniq_psyche
D:12:     hangedman_cross_cluster, orc_0_dummy, enter_bailey_2, wad_scary_box
D:13:     erik_vaults_2, minmay_gold_behind_fungi, hex_tiny,
          lightli_church_of_beogh, uniq_azrael
D:14:     serial_shops, shop, nicolae_shop_trees,
          nicolae_ru_sacrificial_ziggurat
D:15:     hangedman_depths_entry_civil_slaughter, solitary_fountain,
          minivault_27, uniq_louise, uniq_roxanne
Temple:   corrupted_temple
Lair:1:   minivault_27, nicolae_quartered_pool_medium, lemuel_centaur_altar,
          serial_bayou_shore_b, lemuel_fruit_fields
Lair:2:   lab_entry_generic
Lair:3:   guppyfry_lair_drakes, uniq_fannar, uniq_gastronok, uniq_harold,
          uniq_snorg
Lair:4:   forest_paths, elwin_shoals_entry_rooms, kilobyte_rumbling_trees
Lair:5:   minmay_snake_entry_six_corridors, eino_small_chamber_without_monster,
          grunt_forest_large_clearings, uniq_maud
Lair:6:   beast_lair_carwin_6
Lair:7:   slime_altar_1, portal_ice_cave_entry_animals_and_master
Lair:8:   minmay_lair_end_enchanted_forest, wad_woods_antlair
Shoals:1: hangedman_shoal_volcano
Shoals:2: uniq_aizul
Shoals:4: shoals_end_simple, shoals_ilsuiw_alternative, serial_shops,
          nicolae_shop_waterfront
Snake:2:  serial_shops, bzr_entry_gold, serial_bayou_shore_b, uniq_nikola
Snake:3:  st_stairs_1
Snake:4:  grunt_snake_rune_pools, st_stairs_11, serial_bayou_shore_a
Orc:2:    st_orc_ogre_mass, serial_shops, bzr_firewalk, guppyfry_library_mini,
          uniq_rupert, uniq_donald
Elf:1:    minmay_elf_arrival_plus, serial_shops, shop, minivault_28,
          minmay_elf_necromancy
Elf:3:    minmay_elf_hall_spiked, nicolae_elf_big_sculpture_1
Vaults:1: v_misc_16, v_misc_29, grunt_vaults_bifocal,
          vaults_room_grunt_arrival_checkpoint, vaults_standard_mumra_lines,
          st_smaller_cells, nicolae_vaults_circle_grid_a,
          vaults_dpeg_encased_lava, hangedman_vaults_slice,
          nicolae_vaults_little_squares_3
Vaults:2: minmay_crypt_entry_vampire_xt, v_alt_pattern_1,
          hangedman_vaults_pinch, v_misc_15, hangedman_vaults_corner,
          v_alt_pattern_1, nicolae_vaults_ninety_degrees,
          nicolae_vaults_circle_grid_a, hangedman_vaults_hat, v_misc_5,
          hangedman_vaults_restitches, nicolae_vaults_angled_halls,
          nicolae_vaults_rhombus_5, uniq_jory, uniq_frederick
Vaults:3: hangedman_vaults_nodes, ontoclasm_vaults_fault,
          nicolae_vaults_puzzle_piece, nicolae_vaults_shelves_hall,
          nicolae_vaults_yaktaur_gun_rack, v_misc_24,
          vaults_room_stairs_pillars, vaults_mumra_chevron,
          ontoclasm_vaults_claustrophobia, v_rooms_6, hangedman_vaults_stitches,
          nicolae_vaults_big_angled_halls, v_alt_pattern_5,
          ontoclasm_vaults_shout, nicolae_vaults_rhombus_5,
          nicolae_vaults_little_squares_2, uniq_wiglaf
Vaults:4: nicolae_vaults_hallways_thing, v_misc_28, hangedman_vaults_cutoff,
          ontoclasm_vaults_shuriken, ontoclasm_vaults_chip, vaults_dpeg_cross,
          hangedman_vaults_unwind, v_misc_16, v_rooms_5, vaults_dpeg_spiral,
          nicolae_vaults_border_crossing, nicolae_vaults_asterisk, serial_shops,
          nicolae_shop_crystal, uniq_xtahua
Depths:1: hangedman_geh_valley, minmay_misc_feat_iff, ice2_lemuel,
          serial_bayou_shore_b
Depths:2: hangedman_spin_cycle, hell_entry, uniq_saint_roka, uniq_mara
Depths:3: evilmike_diamond_1, pf_hell_entry_tar_spiral, rand_demon_pan_entry_5,
          minmay_staircase_windowed_small
Lab:      labyrinth_hidden_loot, labyrinth_glass_2
Bazaar:   bazaar_minmay_generic_island, bazaar_short_row
Bailey:   bailey_axe_bossmonster_kennysheep, bailey
IceCv:    ice_cave_caverns_02

Skill      XL: |  1  2  3  4  5  6  7  8  9 10 11 12 13 14 15 16 17 18 19 20 21 22 23 24 |
---------------+-------------------------------------------------------------------------+-----
Maces & Flails | 3 4 5 6 7 8 9 10 11 12 13 14 15 16 17 18 19 | 19.7
Throwing       | 1 2 3 4 5 6 7 8 9 10 11 12 13 14 15 16 | 16.4
Dodging        | 1 3 5 6 7 8 9 10 11 12 13 14 15 16 17 | 17.9
Armour         | 4 5 6 7 8 9 10 11 12 13 14 15 16 17 18 20 21 | 21.2
Evocations     | 1 2 3 4 5 6 7 8 9 10 11 12 13 14 15 | 15.2
Shields        | 4 5 6 7 8 10 11 12 13 14 15 16 17 18 | 18.9
Fighting       | 4 5 6 7 9 10 11 12 13 14 15 16 17 18 | 18.7
Invocations    | 1 3 4 5 6 7 8 9 10 | 10.2

Action                   |  1- 3 |  4- 6 |  7- 9 | 10-12 | 13-15 | 16-18 | 19-21 | 22-24 || total
-------------------------+-------+-------+-------+-------+-------+-------+-------+-------++-------
Melee: Flail             |   111 |   119 |    19 |   307 |       |       |    77 |       ||   633
       Headbutt          |    13 |    40 |    51 |   152 |   300 |   465 |   287 |   662 ||  1970
       Morningstar       |       |    35 |   322 |   178 |       |  1120 |   995 |  1988 ||  4638
       Dire flail        |       |       |       |   126 |  1298 |   624 |       |       ||  2048
 Fire: Hunting sling     |       |       |       |       |     2 |       |       |       ||     2
Throw: Tomahawk          |       |       |    14 |       |     4 |    16 |       |       ||    34
       Javelin           |       |       |       |    49 |   263 |   294 |   353 |   318 ||  1277
Invok: Heroism           |       |       |     5 |    18 |    31 |    31 |    30 |    41 ||   156
       Finesse           |       |       |       |    10 |    16 |    24 |    13 |    15 ||    78
Evoke: Wand              |       |       |       |     1 |       |       |     3 |     4 ||     8
       Lamp of fire      |       |       |       |       |       |       |     1 |       ||     1
       Fan of gales      |       |       |       |       |       |       |       |     2 ||     2
  Use: Scroll            |       |     3 |     2 |    12 |    15 |    10 |    10 |     9 ||    61
       Potion            |       |     1 |       |     1 |     2 |    10 |     2 |     4 ||    20
 Stab: Distracted        |       |       |       |       |     1 |       |       |       ||     1
       Sleeping          |       |       |       |       |     1 |       |       |       ||     1
  Eat: Chunk             |       |     8 |    12 |    17 |    42 |    54 |    24 |    37 ||   194
       Pizza             |       |       |       |     2 |       |     1 |       |       ||     3
       Beef jerky        |       |       |       |     2 |       |     1 |     1 |     1 ||     5
       Fruit             |       |       |       |     1 |     5 |     5 |    14 |     1 ||    26
       Royal jelly       |       |       |       |       |       |       |     2 |     2 ||     4
       Bread ration      |       |       |       |       |       |       |       |     2 ||     2
Armor: Scale mail        |    51 |    25 |       |   181 |   421 |   359 |       |       ||  1037
       Chain mail        |       |    18 |   159 |       |       |       |       |       ||   177
       Plate armour      |       |       |     5 |   131 |       |   153 |   251 |   364 ||   904
       Pearl dragon armo |       |       |       |       |    67 |       |       |       ||    67
Dodge: Dodged            |    27 |    31 |    79 |   336 |   870 |   823 |   366 |   601 ||  3133
Block: Shield            |    32 |    78 |   176 |   331 |       |   675 |   290 |       ||  1582
       Large shield      |       |       |       |       |       |       |   651 |  2089 ||  2740
